 Dungeon Crawl Stone Soup version 0.24.0-123-gd5b16e6ec5 (webtiles) character file.

Game seed: 11716701801510104038, levelgen mode: deterministic

565 Elellon the Cudgeler (level 7, 0/41 HPs)
             Began as a Gargoyle Fighter on Jan 25, 2020.
             Slain by an ogre
             ... wielding a +0 giant club
              (12 damage)
             ... on level 4 of the Dungeon.
             The game lasted 00:04:18 (3920 turns).

Elellon the Cudgeler (Gargoyle Fighter)             Turns: 3920, Time: 00:04:19

Health: 0/41       AC: 11    Str: 22    XL:     7   Next: 32%
Magic:  7/7        EV:  7    Int:  8    God:
Gold:   169        SH:  9    Dex:  9    Spells: 6/6 levels left

rFire    . . .     SeeInvis .   a - +0 flail
rCold    . . .     Gourm    .   c - +0 shield
rNeg     + . .     Faith    .   b - +0 scale mail
rPois    ∞         Spirit   .   (no helmet)
rElec    +         Reflect  .   (no cloak)
rCorr    .         Harm     .   (no gloves)
MR       .....                  (no boots)
Stlth    ..........             (no amulet)
HPRegen  0.13/turn              (no ring)
MPRegen  0.10/turn              (no ring)

@: no status effects
A: negative energy resistance 1, electricity resistance, unbreathing,
petrification resistance, rot immunity, AC +4
a: no special abilities


You were on level 4 of the Dungeon.
You were very hungry.

You visited 1 branch of the dungeon, and saw 4 of its levels.

You collected 169 gold pieces.

Inventory:

Hand Weapons
 a - a +0 flail (weapon)
Armour
 b - a +0 scale mail (worn)
 c - a +0 shield (worn)
Jewellery
 i - an uncursed amulet of magic regeneration {unknown}
 n - an uncursed amulet of the acrobat {unknown}
 s - a cursed ring of teleportation {unknown}
 u - a +2 ring of protection {unknown}
Scrolls
 g - a scroll of immolation {unknown}
 k - a scroll of enchant weapon {unknown}
 l - 3 scrolls of identify {unknown}
 m - a scroll of noise {unknown}
 q - a scroll of teleportation {unknown}
Potions
 d - a potion of might
 e - 3 potions of curing
 h - 5 potions of flight {unknown}
 j - a potion of resistance {unknown}
 o - a potion of invisibility {unknown}
 p - a potion of cancellation {unknown}
 r - a potion of magic {unknown}
 t - a potion of ambrosia {unknown}
Comestibles
 f - 5 rations


   Skills:
 - Level 3.2 Fighting
 + Level 7.9 Maces & Flails
 - Level 3.2 Armour
 - Level 3.2 Shields


You had 6 spell levels left.
You didn't know any spells.
Your spell library was empty.

Dungeon Overview and Level Annotations

Branches:
Dungeon (4/15)
 Temple: D:4-7

Altars:
Kikubaaqudgha
Qazlal
Wu Jian
Xom

Shops:
D:4 [=


Innate Abilities, Weirdness & Mutations

You are resistant to torment.
Your stone body is resilient. (AC +4)
You are immune to poison.
You resist negative energy. (rN+)
You are resistant to electric shocks. (rElec)
You can survive without breathing.
You are immune to petrification.
You are immune to rotting.


Message History

The ogre shouts!
An ogre is nearby!
You hit the ogre but do no damage. The ogre hits you with a +0 giant club!
You are feeling very hungry.
Your shield and scale mail prevent you from hitting the ogre.
The ogre closely misses you.
You hit the ogre but do no damage. The ogre barely misses you.
You closely miss the ogre. You hit the ogre.
The ogre is lightly wounded.
You block the ogre's attack.
You hit the ogre.
The ogre is lightly wounded.
The ogre hits you with a +0 giant club!!
* * * LOW HITPOINT WARNING * * *
You are too injured to fight recklessly!
You are too injured to fight recklessly!
You are too injured to fight recklessly!
The ogre hits you with a +0 giant club!
You die...

...# ..# #.......##
# #..# # #.#
#.#####.# # ...##
#.#.# #.# #.# #####
....# #.#.###.# #+#
#.... ...##
#.......# #.###
....# ###.##### #
###.# ##.## # #
#.#########..O####
....
###.............@<.+
[....
....#########...####
.#### .#.## ##.## #
##.# #.# #.# ..# #.#
.### #.# #. #.# #
#.#


You could see an ogre.

Vanquished Creatures
  Grinder (D:3)
  Menkaure (D:4)
  2 scorpions (D:4)
  A centaur skeleton (D:4)
  A hound skeleton (D:4)
  4 gnolls
  An adder (D:3)
  3 oozes
  An adder skeleton (D:3)
  A worm (D:3)
  2 dart slugs (D:1)
  4 leopard geckos
  2 orcs
  3 giant cockroaches
  3 goblins
  5 hobgoblins
  5 jackals
  2 quokkas
  9 bats
  5 frilled lizards
  6 kobolds
  A quokka skeleton (D:4)
  4 rats (D:1)
67 creatures vanquished.

Notes
Turn   | Place    | Note
-------+----------+-------------------------------------------
     0 | D:1      | Elellon the Gargoyle Fighter began the quest for the Orb.
     0 | D:1      | Reached XP level 1. HP: 14/14 MP: 1/1
    15 | D:1      | Reached XP level 2. HP: 13/19 MP: 2/2
   169 | D:1      | Reached skill level 3 in Maces & Flails
   592 | D:1      | Reached XP level 3. HP: 23/23 MP: 3/3
  1075 | D:2      | Reached skill level 4 in Maces & Flails
  1596 | D:2      | Reached XP level 4. HP: 26/28 MP: 4/4
  1658 | D:2      | Found an ornate altar of the Wu Jian Council.
  1665 | D:2      | Found an ancient bone altar of Kikubaaqudgha.
  2510 | D:3      | Found a shimmering altar of Xom.
  2595 | D:3      | Noticed Grinder
  2598 | D:3      | Paralysed by Grinder for 7 turns
  2621 | D:3      | Killed Grinder
  2621 | D:3      | Reached skill level 6 in Maces & Flails
  2621 | D:3      | Reached XP level 5. HP: 10/32 MP: 5/5
  2621 | D:3      | Reached XP level 6. HP: 12/37 MP: 6/6
  3276 | D:3      | Found a stormy altar of Qazlal.
  3446 | D:4      | Found Junaur's Jewellery Boutique.
  3478 | D:4      | Noticed Menkaure
  3490 | D:4      | Killed Menkaure
  3490 | D:4      | Reached skill level 7 in Maces & Flails
  3490 | D:4      | Reached XP level 7. HP: 16/41 MP: 7/7
  3737 | D:4      | Found Gacyfai's Armour Emporium.
  3920 | D:4      | Slain by an ogre

Levels and vault maps discovered:
D:1:      erik_arrival_blinker_ship, layout_basic
D:2:      layout_basic, amethyst_overflow_temple_binary, serial_rivers,
          chequers_serial_rivers_small_a, chequers_serial_rivers_large_a,
          chequers_serial_rivers_marsh, chequers_serial_rivers_micro_a,
          chequers_serial_rivers_marsh, chequers_serial_rivers_small_3
D:3:      layout_basic, nicolae_qazlal_eye_of_the_storm, xom_teletrap_fun,
          uniq_grinder
D:4:      layout_loops_corners, lightli_temple_of_fire, serial_shops,
          kennysheep_mini_moat, nicolae_shop_behind_doors, shop, shop,
          nicolae_shop_window_shopping, uniq_menkaure

Skill      XL: |  1  2  3  4  5  6 |
---------------+-------------------+-----
Maces & Flails | 3 4 6 7 |  7.9
Fighting       | |  3.2
Armour         | |  3.2
Shields        | |  3.2

Action                   |  1- 3 |  4- 6 |  7- 9 || total
-------------------------+-------+-------+-------++-------
Melee: Flail             |   180 |   123 |    25 ||   328
  Eat: Chunk             |     3 |     6 |       ||     9
Armor: Scale mail        |   117 |    52 |    12 ||   181
Dodge: Dodged            |    47 |    31 |     4 ||    82
Block: Shield            |   103 |    81 |    11 ||   195
